 Dungeon Crawl Stone Soup version 0.28-a0-1080-g05a166d0ed (webtiles) character file.

Game seed: 1484337431844383531

285 avis the Chopper (level 6, -2/56 HPs)
             Began as a Hill Orc Monk on Dec 9, 2021.
             Was a Believer of Beogh.
             Slain by an ogre (5 damage)
             ... on level 3 of the Dungeon.
             The game lasted 00:24:55 (4496 turns).

avis the Chopper (Hill Orc Monk)                    Turns: 4496, Time: 00:24:55

Health: -2/56      AC: 11    Str: 16    XL:     6   Next: 29%
Magic:  6/6        EV: 10    Int: 16    God:    Beogh [**....]
Gold:   123        SH:  5    Dex: 13    Spells: 3/5 levels left

rFire   + . .      SeeInvis .   a - +0 war axe
rCold   . . .      Faith    .   (no shield)
rNeg    . . .      Spirit   .   u - +1 scale mail {rF+}
rPois   .          Reflect  +   B - +1 helmet
rElec   .          Harm     .   m - +0 cloak
rCorr   .          Rampage  .   i - +0 pair of gloves
Will    .....                   (no boots)
Stlth   ..........              p - amulet of reflection
HPRegen 0.18/turn               g - +6 ring of intelligence
MPRegen 0.10/turn               (no ring)

@: no status effects
A: no striking features
a: Renounce Religion, Smiting


You were on level 3 of the Dungeon.
You worshipped Beogh.
Beogh was pleased with you.
You visited 1 branch of the dungeon, and saw 4 of its levels.

You collected 123 gold pieces.

Inventory:

Hand Weapons
 a - a +0 war axe (weapon)
 b - a +0 hunting sling
 k - a +2 dagger of venom
 w - a +0 whip of freezing
 y - a +0 hand axe
 z - a +0 spear
 A - a +0 spear
 C - a +0 spear
 D - a +0 spear
Missiles
 h - 17 poisoned darts (quivered)
 j - 212 stones
 r - 67 sling bullets
Armour
 i - a +0 pair of gloves (worn)
 l - a +1 ring mail of poison resistance
 m - a +0 cloak (worn)
 u - a +1 scale mail of fire resistance (worn)
 B - a +1 helmet (worn)
Jewellery
 g - a +6 ring of intelligence (left hand)
 p - an amulet of reflection (around neck)
Wands
 t - a wand of digging (6)
Scrolls
 c - 3 scrolls of teleportation {unknown}
 f - a scroll of vulnerability {unknown}
 n - a scroll of enchant armour {unknown}
 o - a scroll of identify {unknown}
 s - a scroll of blinking {unknown}
 v - a scroll of immolation {unknown}
 x - a scroll of amnesia {unknown}
Potions
 d - a potion of mutation {unknown}
 e - a potion of attraction {unknown}
 q - a potion of might {unknown}
 E - a potion of invisibility {unknown}


   Skills:
 - Level 5.0 Fighting
 * Level 7.7 Axes
 - Level 3.0 Dodging
 - Level 1.5 Stealth


You had 3 spell levels left.
You knew the following spells:

 Your Spells              Type           Power      Damage    Failure   Level
b - Blink                 Tloc           0%         N/A       82%         2

Your spell library contained the following spells:

 Spells                   Type           Power      Damage    Failure   Level
 Lesser Beckoning         Tloc           0%         N/A       96%         3
 Manifold Assault         Tloc           0%         N/A       100%        5


Dungeon Overview and Level Annotations

Branches:
Dungeon (4/15)
 Temple: D:4-7

Altars:
Qazlal

Shops:
D:1 (


Message History

There is a stone staircase leading down here.
You barely miss the orc. The orc hits you but does no damage.
You slash the orc!
You kill the orc!
Beogh accepts your kill.
Things that are here:
a +0 dagger; a +0 scale mail
There is a stone staircase leading down here.
You start resting.
HP restored.
You climb downwards.
The ogre hits you with a +0 giant spiked club.
There is a stone staircase leading up, spattered with blood here.
You block the ogre's attack.
You climb upwards.
There is a stone staircase leading down here.
You hit the ogre.
The ogre is lightly wounded.
The ogre hits you with a +0 giant spiked club.
You barely miss the ogre.
The ogre is lightly wounded.
The ogre barely misses you.
You slash the ogre!
The ogre is heavily wounded.
The ogre hits you with a +0 giant spiked club!!
Ouch! That really hurt!
You slash the ogre!
The ogre is severely wounded.
You hit the ogre.
The ogre is severely wounded.
The ogre hits you with a +0 giant spiked club!!
* * * LOW HITPOINT WARNING * * *
Okay, then.
You hit the ogre.
The ogre is severely wounded.
The ogre misses you.
You barely miss the ogre.
The ogre is severely wounded.
The ogre hits you with a +0 giant spiked club.
You die...

.).≈≈≈≈≈≈≈≈≈≈≈≈≈≈≈≈≈≈≈≈≈≈≈#####≈≈
....≈≈≈≈≈≈≈≈≈≈≈≈≈≈≈≈≈≈≈≈≈≈≈≈≈≈≈≈≈
...)≈≈≈≈≈≈≈≈≈≈≈≈≈≈≈≈≈≈≈≈≈≈≈≈≈≈≈≈≈
..)....≈.≈.≈≈≈.≈≈≈≈≈≈≈.≈≈≈.≈≈.≈≈.
.................................
.................................
##...........................####
....########...[..#..............
..).#......#....@................
##.##.8..8.#...)O.#.########.####
#[##..##..###....#.#.<#.....#
##.##..##..#......#.#.##.#####
.#.##.8..8.#......#.#.##.#
...##......#......#.#.##.#
....###''######...#.#.##.#
.............##...#.#....########
...........#.##...#.#####........


You could see an ogre.

Vanquished Creatures
  Terence (D:3)
  12 gnolls
  An adder (D:3)
  2 worms
  3 dart slugs (D:2)
  3 orcs (D:3)
  2 endoplasms
  2 giant cockroaches
  27 goblins
  23 hobgoblins
  5 quokkas
  5 bats (D:1)
  8 frilled lizards
  13 kobolds
  7 rats
  A spectral hobgoblin (D:1)
115 creatures vanquished.

Vanquished Creatures (others)
  23 plants (D:2)
23 creatures vanquished.

Grand Total: 138 creatures vanquished

Notes
Turn   | Place    | Note
-------+----------+-------------------------------------------
     0 | D:1      | avis the Hill Orc Monk began the quest for the Orb.
     0 | D:1      | Reached XP level 1. HP: 19/19 MP: 1/1
   470 | D:1      | Reached XP level 2. HP: 24/27 MP: 2/2
   535 | D:1      | Found Voakaog's Weapon Emporium.
   613 | D:1      | Reached skill level 5 in Axes
   837 | D:1      | Reached XP level 3. HP: 30/33 MP: 3/3
   840 | D:1      | Learned a level 2 spell: Blink
   955 | D:1      | Found a faded altar of an unknown god.
  1338 | D:1      | Upgraded the game from 0.28-a0-1038-g9c4cb8273d to
                  | 0.28-a0-1080-g05a166d0ed
  1784 | D:2      | Found a stormy altar of Qazlal.
  2290 | D:2      | Reached XP level 4. HP: 40/40 MP: 4/4
  2749 | D:3      | Noticed Terence
  2778 | D:3      | Killed Terence
  2779 | D:3      | Reached skill level 6 in Axes
  3389 | D:3      | Reached XP level 5. HP: 46/46 MP: 5/5
  3831 | D:3      | Reached skill level 7 in Axes
  4090 | D:3      | Reached skill level 5 in Fighting
  4093 | D:3      | Reached XP level 6. HP: 36/56 MP: 6/6
  4419 | D:3      | Became a worshipper of Beogh the Brigand
  4419 | D:3      | Reached * piety under Beogh
  4419 | D:3      | Reached ** piety under Beogh
  4496 | D:3      | Slain by an ogre

Illustrated notes

Levels and vault maps discovered:
D:1:      dpeg_arrival_ratfight, layout_basic,
          dreamdust_ecumenical_altar_drowned_temple, serial_shops, shop
D:2:      layout_loops_cross, basic_altar, serial_bayou_lagoon_a,
          minmay_lizard_pond
D:3:      minmay_goblin_kobold_castle, layout_basic, kennysheep_generic_room_15,
          uniq_terence
D:4:      minmay_chambers_of_threes, layout_cave_pools,
          mainiacjoe_overflow_paths, kennysheep_little_box, st_stairs_6,
          fountainhead

Skill      XL: |  1  2  3  4  5 |
---------------+----------------+-----
Fighting       | 4 5 |  5.0
Axes           | 5 6 7 |  7.7
Dodging        | 3 |  3.0
Stealth        | |  1.5

Action                   |  1- 3 |  4- 6 || total
-------------------------+-------+-------++-------
Melee: Hand axe          |   147 |    72 ||   219
       War axe           |       |    89 ||    89
 Fire: Hunting sling     |       |    80 ||    80
Throw: Dart              |       |     3 ||     3
Invok: Convert to Beogh  |       |     1 ||     1
 Stab: Sleeping          |     2 |       ||     2
Armor: Robe              |    23 |       ||    23
       Ring mail         |    11 |    13 ||    24
       Scale mail        |       |    48 ||    48
Dodge: Dodged            |    83 |    90 ||   173
Block: Other             |     6 |    37 ||    43
       Reflection        |       |     6 ||     6

Table legend: (Time is in decaauts)
 A = Elapsed time spent in this place.
 B = Non-inter-level travel time spent in this place.
 C = Inter-level travel time spent in this place.
 D = Time resting spent in this place.
 E = Time spent auto-exploring this place.
 F = Levels seen in this place.
 G = Mean time per level.
                   A        B        C        D        E       F      G
               +--------+--------+--------+--------+--------+-----+--------+
         Total |   4557 |   4359 |    198 |    955 |   1803 |   4 | 1139.2 |
       Dungeon |   4557 |   4359 |    198 |    955 |   1803 |   4 | 1139.2 |
               +--------+--------+--------+--------+--------+-----+--------+

Top non-repeatable levels by time:
     D:3: 1914 daAuts
     D:1: 1845 daAuts
     D:2: 787 daAuts
     D:4: 9 daAuts
